[Event "*** Titled Tuesday Blitz"]
[Site "Chess.com"]
[Date "2021.03.16"]
[Round "7"]
[White "Frolyanov_D"]
[Black "ukchessbomber"]
[Result "1-0"]
[WhiteElo "2681"]
[BlackElo "2516"]
[TimeControl "180+1"]
[EndTime "11:18:39 PDT"]
[Termination "Frolyanov_D won by resignation"]

1. e4 e5 2. Nf3 Nc6 3. Nc3 Nf6 4. Be2 Bb4 5. Nd5 Be7 6. d3 O-O 7. O-O d6 8. Nxe7+ Qxe7 9. c3 Rb8 10. Re1 b5 11. d4 b4 12. h3 bxc3 13. bxc3 Nxe4 14. Bd3 f5 15. dxe5 Nxe5 16. Nxe5 dxe5 17. Qa4 Bb7 18.
Ba3 Nd6 19. Qf4 Rfe8 20. Qg3 Qf6 21. Rad1 Rbd8 22. Bc1 h6 23. c4 Nf7 24. Bb2 f4 25. Qg6 Qxg6 26. Bxg6 Nd6 27. Bxe8 Rxe8 28. Rxe5 Rxe5 29.
Bxe5 Nxc4 30. Bxf4 c5 31. Rd8+ Kh7 32. Rd7 Be4 33. Rxa7 Nb2 34. Be5 Nd3 35. Rxg7+ Kh8 36.
Re7+ Kg8 37. Bc3 Bd5 38. Rd7 Nf4 39. Bd2 Ne2+ 40. Kf1 Bc4 41. Ke1 Nd4 42. a4 Nc2+ 43. Kd1 Bb3 44. a5 Nd4+ 45. Kc1 Bc4 46. Rd6 Nb3+ 47.
Kd1 Nd4 48. a6 Bb3+ 49. Kc1 Nb5 50. Rd8+ Kf7 51. a7 Nxa7 52. Rd7+ Ke6 53. Rxa7 Bd5 54. Ra5 Bxg2 55. Bxh6 c4 56. Be3 Bf1 57. Rc5 Bd3 58. Kd2 Kf6 59. Kc3 Kg6 60. Rxc4 Bxc4 61. Kxc4 Kh5 62. Kd4 Kh4 63. Ke5 Kxh3 64. f4 Kg2 65. f5 1-0

[Event "*** Titled Tuesday Blitz"]
[Site "Chess.com"]
[Date "2021.03.16"]
[Round "7"]
[White "Leo_C"]
[Black "HanSchut"]
[Result "1-0"]
[WhiteElo "2418"]
[BlackElo "2232"]
[TimeControl "180+1"]
[EndTime "11:18:40 PDT"]
[Termination "Leo_C won on time"]

1. d4 Nf6 2. c4 g6 3. f3 Nc6 4. d5 Ne5 5. e4 d6 6. Nc3 Bg7 7. f4 Ned7 8. Nh3 Nc5 9. Nf2 O-O 10. Be3 e6 11. dxe6 Bxe6 12. Be2 Re8 13. O-O a5 14. e5 Nfd7 15. exd6 cxd6 16. Qxd6 Qe7 17. Qxe7 Rxe7 18. Rfe1 Bxc3 19. bxc3 Rc8 20. Bd4 Na4 21. Ne4 f5 22. Nd6 Rc6 23. Nxb7 Ndc5 24. Nxa5 Rcc7 25. Nb3 Ne4 26. Rac1 Bxc4 27. Bxc4+ Rxc4 28. Nd2 Rc8 29. Nxe4 fxe4 30. Re3 Kf7 31. Rce1 Rec7 32. Rxe4 Nxc3 33. Bxc3 Rxc3 34. a4 R8c7 35. a5 Ra3 36.
Re5 Rc2 37. R1e2 Rxe2 38. Rxe2 Rxa5 39. Kf2 h5 40. Rb2 Ra7 41. Kg3 Kf6 42. Rb6+ Kg7 43. Kh4 Ra5 44. g3 Kh7 45. h3 Kg7 46. Rb7+ Kh6 47. Rf7 Rb5 48. Rf6 Kg7 49. Rc6 Rb7 50. g4 hxg4 51. hxg4 Rb4 52. Kg5 Rb5+ 53. f5 gxf5 54.
gxf5 Kf7 55. Rc7+ Kf8 56. Kg6 Rb1 57. Rf7+ Kg8 58. Rg7+ Kf8 59. Rh7 1-0

[Event "*** Titled Tuesday Blitz"]
[Site "Chess.com"]
[Date "2021.03.16"]
[Round "7"]
[White "Orest_Vovk"]
[Black "PavelShkapenko"]
[Result "0-1"]
[WhiteElo "2479"]
[BlackElo "2697"]
[TimeControl "180+1"]
[EndTime "11:18:44 PDT"]
[Termination "PavelShkapenko won by resignation"]

1. Nf3 Nf6 2. Rg1 d5 3. d3 c5 4. h3 Nc6 5. Bf4 g6 6. g4 Bg7 7. c3 O-O 8. Nbd2 Re8 9. Ne5 Qb6 10.
Qb3 Be6 11. Ndf3 Nxe5 12. Bxe5 Bf8 13. Ng5 Bc8 14. Qxb6 axb6 15. Bc7 b5 16. f4 h5 17.
gxh5 Nxh5 18. e4 e6 19. Be2 Nf6 20. h4 c4 21. h5 cxd3 22. hxg6 fxg6 23. Bxd3 b4 24. e5 Re7 25. Bd6 Nh5 26. Bxg6 Nxf4 27. Bc2 Rg7 28. Kd2 Bxd6 29. exd6 Bd7 30. Nh7 bxc3+ 31.
bxc3 Nh5 32. Rxg7+ Kxg7 33. Rg1+ Kh8 34. Rh1 Ng3 35.
Rh3 Nf1+ 36. Ke2 Bb5+ 37. Ke1 Kg7 38. Ng5 Kf6 39. Nh7+ Ke5 40. d7 Kd6 41. Nf6 Rd8 42.
Rf3 Nh2 43. Rf2 Nf1 44. Rxf1 Bxf1 45. Kxf1 Ke7 46. Ng4 Rxd7 47. Nf2 Rc7 48. Nd1 Kd6 49. Ke2 Rc5 50. Kd2 e5 51. a4 b5 52. axb5 Rxb5 53. Ne3 Kc5 54. Ng4 Kd6 55. Ne3 Rb8 56. Nf5+ Kc5 57.
Ne3 Rh8 58. Nd1 Rh2+ 59. Ke1 Rxc2 0-1

[Event "*** Titled Tuesday Blitz"]
[Site "Chess.com"]
[Date "2021.03.16"]
[Round "7"]
[White "chesslh19"]
[Black "PawnEatingZombie"]
[Result "1-0"]
[WhiteElo "2255"]
[BlackElo "2176"]
[TimeControl "180+1"]
[EndTime "11:18:44 PDT"]
[Termination "chesslh19 won by resignation"]

1. e4 c6 2. d4 d5 3. Nd2 dxe4 4. Nxe4 Bf5 5. Ng3 Bg6 6. h4 h6 7. Nf3 Nd7 8. h5 Bh7 9. Bd3 Bxd3 10. Qxd3 e6 11. Bd2 Ngf6 12. O-O-O Be7 13. Ne4 Qb6 14. c4 Rd8 15. Nxf6+ Bxf6 16. Bc3 O-O 17. g4 Qa6 18. Kb1 Nc5 19. Qc2 Na4 20. Bb4 Rfe8 21. b3 Nb6 22. Bc3 Nd7 23. Rhg1 b5 24. c5 Nf8 25. g5 hxg5 26. Nxg5 Bxg5 27. Rxg5 Rd5 28. Rdg1 Rxg5 29. Rxg5 Nh7 30. Rg1 Qb7 31. d5 e5 32. d6 Qd7 33.
h6 g6 34. Re1 Qg4 35. Bxe5 f6 36. Bc3 Rxe1+ 37. Bxe1 Qe6 38. Bc3 f5 39. Bb2 Nf6 40.
Bc1 Qe4 41. Qxe4 Nxe4 42. Be3 Nf6 43. Kc2 Nd7 44. Kd3 Kf7 45. Bf4 a5 46. Ke3 Kf6 47. a4 b4 48. Kd3 g5 49. Bd2 Ne5+ 50. Kd4 Nd7 51. Kc4 Kg6 52. Bxb4 axb4 53. Kxb4 Kxh6 54. a5 Nb8 55. Kc4 Kg6 56. b4 Kf6 57. b5 cxb5+ 58. Kxb5 g4 59. c6 f4 60. c7 Nd7 61. c8=Q g3 62.
Qxd7 gxf2 63. Qe7+ Kf5 64. Qe2 1-0

[Event "*** Titled Tuesday Blitz"]
[Site "Chess.com"]
[Date "2021.03.16"]
[Round "7"]
[White "KuzubovYuriy"]
[Black "Nesty_Javi_Chess"]
[Result "1-0"]
[WhiteElo "2851"]
[BlackElo "2632"]
[TimeControl "180+1"]
[EndTime "11:18:47 PDT"]
[Termination "KuzubovYuriy won by resignation"]

1. g3 Nf6 2. Nf3 g6 3. c4 Bg7 4.
Nc3 O-O 5. Bg2 d5 6. cxd5 Nxd5 7. O-O c6 8. Qc2 Nb6 9. d4 N8d7 10. Bf4 h6 11. e4 g5 12. Be3 Nc4 13. Bc1 e5 14. d5 cxd5 15. Nxd5 Ncb6 16. Rd1 Nxd5 17. Rxd5 Qe8 18.
Be3 Nb6 19. Rc5 Be6 20. Rc1 Rc8 21. Bf1 Qe7 22. a4 Qf6 23. Nd2 Rxc5 24. Bxc5 Rc8 25.
Qd1 Qd8 26. b4 Nd7 27. Be3 b6 28. Bc4 Bxc4 29. Rxc4 Nf6 30. Qc2 Rxc4 31. Nxc4 Qc7 32. b5 Qe7 33. h3 Qb4 34. Kg2 Bf8 35. Nxe5 Qxe4+ 36. Qxe4 Nxe4 37. Nc6 Nc3 38. Nxa7 Nxa4 39. Kf3 Bc5 40. Ke4 Bxe3 41. fxe3 Kf8 42. Kd5 Ke7 43. g4 Kd7 44. Ke5 Nc3 45. Kf6 Nd5+ 46. Kxf7 Nxe3 47.
Kg6 Nd5 48. Kxh6 Nf4 49. Kxg5 Nxh3+ 50. Kf5 Nf2 51. g5 Ke7 52. Nc8+ Kf7 53. Nxb6 Nd3 54. Nd5 Nc5 55. b6 Nb7 56. Nf4 Nd6+ 57. Kg4 Nb7 58. g6+ Kg7 59. Kf3 Kf6 60. Ke4 Nc5+ 61. Kd5 Nb7 62.
Kc6 Na5+ 63. Kc7 Kf5 64. g7 Kxf4 65. g8=Q Ke5 66. Qg5+ 1-0

[Event "*** Titled Tuesday Blitz"]
[Site "Chess.com"]
[Date "2021.03.16"]
[Round "7"]
[White "karinachess1"]
[Black "olksuna"]
[Result "0-1"]
[WhiteElo "2511"]
[BlackElo "2668"]
[TimeControl "180+1"]
[EndTime "11:18:47 PDT"]
[Termination "olksuna won on time"]

1. c4 c5 2. Nf3 Nf6 3. Nc3 e6 4. g3 b6 5. Bg2 Bb7 6. O-O Be7 7. d4 cxd4 8. Qxd4 d6 9. Rd1 a6 10. b3 Nbd7 11. Ng5 Bxg2 12. Kxg2 Qc7 13. Ba3 Nc5 14.
Rac1 O-O 15. Nf3 Rfd8 16. b4 Ncd7 17. e4 Rac8 18. Nd2 Qb7 19. Qd3 Ne5 20. Qe2 Bf8 21. b5 Re8 22. bxa6 Qxa6 23. Nb5 Rc6 24. Bb2 Ned7 25. a3 h6 26. Nf3 Rec8 27. e5 dxe5 28. Nxe5 Nxe5 29. Bxe5 Qa8 30. Kg1 Ne8 31. Rd7 Rd8 32.
Qd3 Rxd7 33. Qxd7 Qc8 34. Qd3 f6 35. Na7 Qb7 36. Nxc6 Qxc6 37. Bf4 Bc5 38. Be3 Nd6 39. Bxc5 Qxc5 40. Kg2 Qc6+ 41. f3 Nf5 42. Rd1 Qc5 43. Re1 Nd4 44. Rd1 e5 45. h3 Kh8 46. Re1 Qc6 47. Rf1 Qd6 48. Rd1 Qc5 49. Rc1 Qc6 50. Qe4 Qd6 51. Qd5 Qxa3 52. Rf1 Qb2+ 53. Rf2 Qc1 54. Qd8+ Kh7 55. Qxb6 Qe3 56. Qb1+ Kh8 57.
Qe4 Qc1 58. Qd5 Nc2 0-1

[Event "*** Titled Tuesday Blitz"]
[Site "Chess.com"]
[Date "2021.03.16"]
[Round "7"]
[White "GMRafpig"]
[Black "HackingKid98"]
[Result "1-0"]
[WhiteElo "2637"]
[BlackElo "2449"]
[TimeControl "180+1"]
[EndTime "11:18:47 PDT"]
[Termination "GMRafpig won on time"]

1. c4 c6 2. d4 d5 3. Nf3 e6 4. e3 Nf6 5. Nc3 Nbd7 6. Qc2 Bd6 7. b3 O-O 8. Be2 b6 9. O-O Bb7 10. Bb2 Qe7 11. Rad1 Rad8 12. Rfe1 Rfe8 13. g3 c5 14. cxd5 exd5 15. Bf1 Rc8 16. Qb1 a6 17. Bg2 c4 18. bxc4 Rxc4 19. Nd2 Rcc8 20. e4 dxe4 21. Ndxe4 Bxe4 22. Nxe4 Nxe4 23. Rxe4 Qf8 24. Bh3 Rcd8 25. Rxe8 Qxe8 26. Re1 Qf8 27. Qe4 Nf6 28. Qc6 Bb4 29.
Re5 Ba5 30. d5 Qd6 31. Bg2 h6 32. Qxd6 Rxd6 33. Ba3 Rd8 34. Bf3 b5 35. Be7 Rd7 36. d6 Bb4 37. Bc6 Bxd6 38. Bxd6 Rxd6 39. Bf3 g6 40. h3 Kg7 41. Kg2 h5 42. Rc5 Rd4 43.
h4 Ra4 44. Rc2 Ra3 45. Bd1 b4 46. Rd2 a5 47. Bb3 a4 48. Bc4 b3 49. axb3 axb3 50.
Rb2 Ne4 51. Bxb3 Nc5 52. Bd5 Kf6 53. Rb5 Nd3 54. Rb6+ Ke5 55. Bxf7 Kd4 56. Bxg6 Ne5 57. Bxh5 Ra2 58. Rd6+ Kc5 59. Rd1 Nc4 60. Bf3 1-0

[Event "*** Titled Tuesday Blitz"]
[Site "Chess.com"]
[Date "2021.03.16"]
[Round "7"]
[White "Dyadya81"]
[Black "SchmakAttack"]
[Result "0-1"]
[WhiteElo "2730"]
[BlackElo "2590"]
[TimeControl "180+1"]
[EndTime "11:18:48 PDT"]
[Termination "SchmakAttack won by checkmate"]

1. e4 e6 2. d4 d5 3. Nc3 Nf6 4. Bg5 dxe4 5. Nxe4 Be7 6. Bxf6 gxf6 7. Nf3 f5 8. Nc3 a6 9. Bc4 b5 10. Bb3 c5 11. a4 cxd4 12. Nxd4 b4 13. Nce2 Qc7 14. Ng3 h5 15. Qe2 Nc6 16. Nxc6 Qxc6 17. O-O-O h4 18.
Nxf5 exf5 19. Bd5 Qh6+ 20. Kb1 Ra7 21. Qc4 O-O 22. Rhe1 Bf6 23. g3 Bg7 24. f4 a5 25.
Qb3 Qf6 26. gxh4 Qxh4 27. Rg1 Qf6 28. Rg3 Kh7 29. Rdg1 Bh6 30. Rh3 Rg8 31. Qe3 Rxg1+ 32. Qxg1 Rd7 33. Bb3 Re7 34. Qg3 Bb7 35. Ka2 Be4 36.
Qf2 Rd7 37. Qc5 Kg8 38. Qxa5 Bg7 39. Qe5 Qxe5 40. fxe5 Bxe5 41. Rh5 Kg7 42. h4 Kg6 43. Rg5+ Kf6 44. Rg1 f4 45. h5 f3 46. h6 f2 47.
Rf1 Bg3 48. a5 Ra7 49. h7 Rxa5+ 50. Kb1 Bxh7 51. Rh1 Be4 52. Rf1 Bg2 53. Rd1 f1=Q 54. Rxf1+ Bxf1 55. c3 bxc3 56. bxc3 Rc5 57. Kc2 Be5 58.
c4 Bxc4 59. Bxc4 Rxc4+ 60. Kd3 Rd4+ 61. Ke3 Ke6 62. Kf3 Kd5 63. Ke3 f5 64. Kf3 f4 65.
Ke2 Ke4 66. Kf2 f3 67. Kf1 Ke3 68. Kg1 Rd1# 0-1

[Event "*** Titled Tuesday Blitz"]
[Site "Chess.com"]
[Date "2021.03.16"]
[Round "7"]
[White "Natalya_Buksa"]
[Black "Abund"]
[Result "0-1"]
[WhiteElo "2499"]
[BlackElo "2696"]
[TimeControl "180+1"]
[EndTime "11:18:48 PDT"]
[Termination "Abund won by resignation"]

1. d4 Nf6 2. Nc3 d5 3. Bf4 g6 4. e3 Bg7 5. h4 h5 6. Nf3 O-O 7. Be2 c5 8. Qd2 Nc6 9. Ne5 a6 10. a3 cxd4 11. exd4 Qb6 12. O-O-O Bf5 13. f3 Rfc8 14.
g4 hxg4 15. fxg4 Ne4 16. Qe3 Nxc3 17. bxc3 Be4 18. Rh3 Nxe5 19. Bxe5 Bxe5 20. dxe5 Qxe3+ 21. Rxe3 Rc5 22. Rd4 Rac8 23. Kb2 Kg7 24. Bf3 Bxf3 25. Rxf3 e6 26. Rdf4 R8c7 27. a4 Rc4 28. Kb3 g5 29. hxg5 Rxf4 30. Rxf4 Kg6 31. a5 Kxg5 32. Rb4 f5 33. exf6 Kxf6 34. c4 d4 35. c5 e5 36.
Kc4 Kg5 37. Kd5 Kf4 38. Kd6 Rc6+ 39. Kd5 Rc7 40. Kd6 Rg7 41. Rb1 e4 42. c6 bxc6 43. Kxc6 Ke3 44. Kb6 Kd2 45. Kxa6 Kxc2 46. Rb6 d3 47.
Kb5 d2 48. Rc6+ Kb2 49. Rd6 e3 50. a6 Kc2 51. Rc6+ Kd3 52. Rd6+ Ke4 53. Kb6 Rxg4 54. a7 Rg8 55. Re6+ Kd3 56. Rd6+ Ke2 57. Rg6 Rxg6+ 0-1

[Event "*** Titled Tuesday Blitz"]
[Site "Chess.com"]
[Date "2021.03.16"]
[Round "7"]
[White "NTBT_DHS"]
[Black "Jospem"]
[Result "0-1"]
[WhiteElo "2794"]
[BlackElo "2945"]
[TimeControl "180+1"]
[EndTime "11:18:52 PDT"]
[Termination "Jospem won by resignation"]

1. d4 Nf6 2. c4 e6 3. Nf3 Bb4+ 4. Bd2 Qe7 5. g3 Bxd2+ 6. Qxd2 Nc6 7. Nc3 d5 8. Bg2 O-O 9. O-O dxc4 10. e4 Rd8 11. e5 Nd5 12. Qe2 Nb6 13. Rfd1 Nb4 14. Ne4 Bd7 15. a3 N4d5 16. Nc5 Bc6 17. Rac1 a6 18.
Nd2 Bb5 19. Qg4 Na4 20. Nxa4 Bxa4 21. Re1 Bb5 22. Ne4 h6 23. Nc5 b6 24. Ne4 Kh8 25. Nd2 Rac8 26. h4 c5 27. a4 Bxa4 28. Nxc4 f5 29. exf6 Nxf6 30. Qg6 Be8 31. Qb1 Rxd4 32.
Bh3 Rc6 33. Ne5 Rcd6 34. Rc3 Kg8 35. Rce3 Qd8 36. Nf3 Bf7 37. Qa2 Nd5 38. R3e2 Nb4 39. Qb3 Rd3 40. Qc4 Rxf3 41. Bxe6 Rxe6 42. Rxe6 Bxe6 43.
Rxe6 Qd5 44. Re8+ Kf7 45. Qe2 Rf6 46. Qe7+ Kg6 47. g4 Rf7 48. h5+ Kh7 49. Qe3 Qd1+ 50. Kh2 Qxg4 51. Re5 Qf4+ 52. Qg3 Qxg3+ 53. fxg3 Nd3 54.
Re6 b5 55. Rxa6 c4 56. Rb6 b4 57. g4 Rf2+ 58. Kg3 Rxb2 59. Rb7 Rb1 60. Rc7 c3 61. g5 hxg5 62. Rc8 b3 63. Kg4 Rg1+ 64. Kf5 b2 65. h6 Rf1+ 66. Kxg5 b1=Q 67. Kh5 Qd1+ 68. Kh4 Rf4+ 0-1

[Event "*** Titled Tuesday Blitz"]
[Site "Chess.com"]
[Date "2021.03.16"]
[Round "7"]
[White "MatyChess1"]
[Black "organdzievhren"]
[Result "1-0"]
[WhiteElo "2604"]
[BlackElo "2424"]
[TimeControl "180+1"]
[EndTime "11:18:52 PDT"]
[Termination "MatyChess1 won by resignation"]

1. e4 e6 2. d4 d5 3. Nc3 dxe4 4. Nxe4 Bd7 5. Nf3 Bc6 6. Neg5 Nh6 7. Bd3 Be7 8. Qe2 Bxf3 9. Qxf3 Nc6 10. Nh3 Qxd4 11. O-O Qg4 12. Qe3 Nf5 13. Qe1 Nh4 14. Qe4 Qxe4 15. Bxe4 O-O-O 16. Ng5 Rdf8 17. Re1 h6 18. Nh3 Bd6 19. Nf4 Nf5 20. Nh5 Rhg8 21. c3 a6 22.
b4 Nce7 23. a4 Nd5 24. Bd2 b5 25. axb5 axb5 26. Ra5 c6 27. Rea1 Bc7 28. Ra6 Kd7 29.
g3 Nd6 30. Bh7 Rh8 31. Bd3 Rfg8 32. Nf4 Re8 33. Nh5 Rhg8 34. Bh7 Rh8 35. Bc2 g6 36.
Nf4 Rc8 37. Nd3 Ke7 38. Ne5 Bb8 39. Nxc6+ Kf6 40. Bb3 Nc4 41. Bc1 Nxc3 42. Bxc4 Rxc6 43. Rxc6 bxc4 44. Bb2 Be5 45. Re1 Rd8 46. Rxc4 Rd5 47. Bxc3 Bxc3 48. Rxc3 Rb5 49. Rb3 e5 50. Rc1 Ke6 51. Rc5 Rb7 52. b5 Kd6 53. Rc6+ Kd5 54. Rc1 f5 55. b6 Kd6 56. f3 h5 57. h4 f4 58. gxf4 exf4 59. Kf2 Rb8 60. b7 Kd7 61. Rb4 Kd8 62. Rc8+ Rxc8 63. bxc8=Q+ Kxc8 64. Rxf4 1-0

[Event "*** Titled Tuesday Blitz"]
[Site "Chess.com"]
[Date "2021.03.16"]
[Round "7"]
[White "MITerryble"]
[Black "GregShahade"]
[Result "1-0"]
[WhiteElo "2911"]
[BlackElo "2772"]
[TimeControl "180+1"]
[EndTime "11:18:55 PDT"]
[Termination "MITerryble won by checkmate"]

1. e4 e5 2. Nf3 Nc6 3. c3 d5 4.
Qa4 f6 5. Bb5 Ne7 6. exd5 Qxd5 7. d4 Bd7 8. O-O e4 9. Nfd2 a6 10.
Bc4 Qh5 11. Qd1 Qxd1 12. Rxd1 f5 13. Nb3 Ng6 14. N1d2 O-O-O 15. Nf1 Bd6 16. Ng3 Rde8 17. Re1 Rhf8 18. Nh5 f4 19. Nd2 Bg4 20. Nxg7 Re7 21. h3 Bd7 22. Ne6 Bxe6 23. Bxe6+ Rxe6 24. d5 Re7 25. dxc6 Rfe8 26. cxb7+ Kxb7 27. Nc4 Bc5 28. b4 Ba7 29. Na5+ Ka8 30. Nc6 Rd7 31. a4 Rd3 32. c4 Re6 33. Nxa7 Kxa7 34. b5 e3 35. Ra3 Rxa3 36. Bxa3 Kb7 37. c5 Re4 38. fxe3 fxe3 39.
Bc1 e2 40. Kf2 Ne5 41. Bd2 Nd3+ 42. Kf3 Nxe1+ 43. Kxe4 Nc2 44. g4 e1=Q+ 45. Bxe1 Nxe1 46. h4 Nc2 47. g5 axb5 48. axb5 c6 49. h5 Nb4 50. g6 hxg6 51. h6 Nd5 52. Ke5 Ne7 53. h7 g5 54. Kf6 Nd5+ 55. Kxg5 cxb5 56. h8=Q Kc6 57. Qf8 b4 58. Qd6+ Kb5 59. Qxd5 Ka4 60. c6 b3 61. c7 b2 62. Qa2+ Kb5 63. Qxb2+ Ka6 64. c8=Q+ Ka5 65. Qa8# 1-0

[Event "*** Titled Tuesday Blitz"]
[Site "Chess.com"]
[Date "2021.03.16"]
[Round "7"]
[White "zmeeed67"]
[Black "Ranindu2003"]
[Result "0-1"]
[WhiteElo "2420"]
[BlackElo "2590"]
[TimeControl "180+1"]
[EndTime "11:18:55 PDT"]
[Termination "Ranindu2003 won by checkmate"]

1. d4 Nf6 2. c4 g6 3. Nc3 d5 4. Bf4 Bg7 5. e3 c6 6. Nf3 O-O 7. Bd3 Nbd7 8. cxd5 Nxd5 9. Nxd5 cxd5 10. O-O Kh8 11.
Qb3 Nb6 12. Rfc1 Bg4 13. Bc7 Qd7 14. Ne5 Bxe5 15. Bxe5+ f6 16. Rc7 Qe6 17. Bg3 Rab8 18. h3 Bf5 19. Bxf5 gxf5 20. Rac1 Rg8 21. Qb4 Rbe8 22. b3 Rxg3 23. fxg3 Qxe3+ 24. Kh2 f4 25. gxf4 Qxf4+ 26. Kh1 Nc4 27. R7xc4 dxc4 28. Qxc4 Rg8 29.
Re1 Qf2 30. Qf1 Qxd4 31. Rxe7 Rf8 32. Rxb7 f5 33. Rxa7 Qxa7 34. Qc4 Qg7 35. b4 f4 36. Qd3 f3 37. gxf3 Re8 38. Kh2 Qe5+ 39. Kg2 Qb2+ 40. Kg3 Qxb4 41. Qd7 Rg8+ 42. Kf2 Qb2+ 43. Ke3 Qc3+ 44.
Ke4 Qc4+ 45. Ke3 Qc5+ 46. Ke4 Rc8 47. Kf4 Qc7+ 48. Qxc7 Rxc7 49. Ke5 Ra7 50. f4 Rxa2 51. f5 Kg8 52. Kf6 Kf8 53. h4 Ra7 54. Kg5 Kg7 55. f6+ Kf7 56. Kh6 Kxf6 57. h5 Kf7 58. Kxh7 Kf8+ 59. Kh8 Ra6 60. Kh7 Kf7 61. h6 Rb6 62.
Kh8 Rxh6# 0-1

[Event "*** Titled Tuesday Blitz"]
[Site "Chess.com"]
[Date "2021.03.16"]
[Round "7"]
[White "Sychev_Klementy"]
[Black "Meri-Arabidze"]
[Result "1/2-1/2"]
[WhiteElo "2866"]
[BlackElo "2662"]
[TimeControl "180+1"]
[EndTime "11:18:57 PDT"]
[Termination "Game drawn by repetition"]

1. e4 c5 2. Nf3 e6 3. b3 b6 4.
Bb2 Bb7 5. Qe2 Nc6 6. Nc3 Nf6 7. O-O-O Nd4 8. Qe3 Nxf3 9. gxf3 Be7 10. Rg1 g6 11. Qh6 Bf8 12. Qf4 Bg7 13. Qd6 Bf8 14. Qf4 Bg7 15.
Nb5 O-O 16. Nd6 Bc6 17. h4 Nh5 18. Qh2 Bxb2+ 19. Kxb2 Qf6+ 20. e5 Qf4 21. Qxf4 Nxf4 22. Ne4 Kg7 23. d4 Bxe4 24. fxe4 Rac8 25. Ba6 Rc7 26. d5 exd5 27. exd5 d6 28. exd6 Rd7 29. Rg4 Nh5 30. Be2 Rxd6 31. Rg5 Nf6 32. Re5 Re8 33. f4 Red8 34. c4 Nd7 35. Re3 Kf8 36. Bf3 Re8 37. Rxe8+ Kxe8 38. Rf1 Nf6 39. Kc3 Kf8 40. a3 Ne8 41. b4 Rf6 42. Be2 Nd6 43. Bd3 h6 44.
Kd2 Kg7 45. Ke3 Ne8 46. bxc5 bxc5 47. Rb1 Ra6 48. Rb8 Nd6 49. Rd8 Nb7 50. Rd7 Nd6 51. Rc7 Rxa3 52. Rxc5 Nf5+ 53. Kd2 Ra2+ 54. Kc3 Ra3+ 55.
Kd2 Ra2+ 56. Kc1 Nd4 57. Rc7 Nb3+ 58. Kb1 Rd2 59. Bc2 Nd4 60. Ba4 Ne2 61. Be8 Nc3+ 62. Kc1 Re2 63. Bxf7 Na2+ 64. Kd1 Nc3+ 65. Kc1 Na2+ 66.
Kd1 Nc3+ 67. Kc1 1/2-1/2

[Event "*** Titled Tuesday Blitz"]
[Site "Chess.com"]
[Date "2021.03.16"]
[Round "7"]
[White "iturrizaga"]
[Black "slavenok"]
[Result "1-0"]
[WhiteElo "2854"]
[BlackElo "2737"]
[TimeControl "180+1"]
[EndTime "11:19:00 PDT"]
[Termination "iturrizaga won by resignation"]

1. c4 c5 2. g3 Nc6 3. Bg2 e5 4.
Nc3 Nf6 5. a3 Be7 6. Rb1 O-O 7. d3 d6 8. Nf3 Be6 9. O-O d5 10. cxd5 Nxd5 11. Nxd5 Bxd5 12. Be3 Rc8 13. Qa4 b6 14. Rfc1 Kh8 15. b4 cxb4 16. axb4 f6 17. h4 Qd7 18. Kh2 h6 19. h5 Qb7 20. Bh3 Rc7 21. Nh4 b5 22. Qd1 Bf7 23. Ng6+ Bxg6 24. hxg6 Nd4 25. Rxc7 Qxc7 26. Qd2 Qd6 27. Bxh6 f5 28.
Bg5 f4 29. Bxe7 Qxe7 30. Rh1 Rf6 31. Kg1 Rxg6 32. Bg2+ Rh6 33. Rxh6+ gxh6 34. e3 fxe3 35.
Qxe3 Qf6 36. Be4 Kg7 37. Kg2 a6 38. Qc1 Qd6 39. Qc8 Ne6 40. Qb7+ Nc7 41. Qa7 Kf7 42. Qe3 Kg7 43. Qf3 Ne6 44. Bf5 Ng5 45. Qb7+ Kf6 46.
g4 h5 47. f3 h4 48. Qc8 e4 49. Qh8+ Ke7 50. Qg7+ Nf7 51. Bxe4 Qg3+ 52. Kf1 h3 53. Bd5 Qg2+ 54. Ke1 Qg1+ 55. Ke2 Qg2+ 56. Ke3 Qg1+ 57. Kf4 Qc1+ 58. Kg3 Qg1+ 59. Kxh3 Qh1+ 60. Kg3 Qe1+ 61. Kf4 Qc1+ 62. Kf5 Qc8+ 63. Kg6 Kd6 64. Qxf7 1-0

[Event "*** Titled Tuesday Blitz"]
[Site "Chess.com"]
[Date "2021.03.16"]
[Round "7"]
[White "nss13"]
[Black "politeplayer"]
[Result "1-0"]
[WhiteElo "2590"]
[BlackElo "2248"]
[TimeControl "180+1"]
[EndTime "11:19:05 PDT"]
[Termination "nss13 won by resignation"]

1. e4 c5 2. Nf3 d6 3. d4 cxd4 4. Nxd4 Nf6 5. f3 e5 6. Bb5+ Bd7 7. Bxd7+ Nbxd7 8. Nf5 Nc5 9. Bg5 g6 10. Ne3 Be7 11.
Bxf6 Bxf6 12. Nc3 Bh4+ 13. g3 Bg5 14. Ned5 O-O 15. O-O Ne6 16. Qd3 a6 17. a4 Rc8 18. Ne2 Nc7 19. Nxc7 Qxc7 20. c3 Qb6+ 21. Kg2 Qxb2 22. Rfb1 Rxc3 23. Qxc3 Qxe2+ 24. Kh1 Be3 25. Rf1 Bd4 26. Qe1 Qc4 27. Rb1 b5 28. axb5 axb5 29.
Qb4 Qxb4 30. Rxb4 Rc8 31. Rxb5 Rc2 32. Rd5 Bc5 33. f4 f6 34. fxe5 fxe5 35. Rd3 Re2 36. Rb3 Rxe4 37. Rb7 d5 38. Rff7 Bf8 39. Rxh7 Re1+ 40. Kg2 d4 41. Rhd7 Re2+ 42. Kf3 Rxh2 43.
Rb8 Rh1 44. Kg2 Rh8 45. Kf3 g5 46. Ke4 d3 47. Kxd3 Rh3 48. Rdd8 Rxg3+ 49. Ke2 Rg2+ 50. Kf1 Rg4 51. Rxf8+ Kg7 52. Rfe8 Rf4+ 53. Kg2 e4 54. Rb6 Rf5 55. Rxe4 Rd5 56. Re7+ Kf8 57. Rc7 Rd8 58. Kf3 Rd3+ 59. Kg4 Rd8 60. Rbb7 Rd4+ 61. Kxg5 Rd5+ 62. Kf4 Rd4+ 63. Ke5 Rd8 64. Rf7+ Kg8 65. Rg7+ Kh8 66. Rh7+ Kg8 67. Rbg7+ Kf8 68. Rh8+ Kxg7 69. Rxd8 1-0

[Event "*** Titled Tuesday Blitz"]
[Site "Chess.com"]
[Date "2021.03.16"]
[Round "7"]
[White "Niktlt"]
[Black "vinniethepooh"]
[Result "0-1"]
[WhiteElo "2506"]
[BlackElo "2706"]
[TimeControl "180+1"]
[EndTime "11:19:06 PDT"]
[Termination "vinniethepooh won by resignation"]

1. c4 Nf6 2. Nc3 e5 3. Nf3 Nc6 4. e4 Bb4 5. d3 d6 6. g3 O-O 7. Bg2 a6 8. a3 Bc5 9. O-O h6 10. h3 Nd4 11. Be3 Bd7 12. Kh2 Qc8 13.
Nh4 g5 14. Nf3 g4 15. Ng1 gxh3 16. Bxh3 Bxh3 17. Nxh3 Ng4+ 18. Kg2 f5 19. b4 Ba7 20. Nd5 Rf7 21. exf5 Qxf5 22. Ra2 c6 23. Nc3 Raf8 24. Re1 b5 25. Ne4 Nf3 26. Bxa7 Nxe1+ 27. Qxe1 Rxa7 28. Nxd6 Qxd3 29. c5 Qd5+ 30. Qe4 Qxa2 31. Qxg4+ Rg7 32. Qh5 Qd5+ 33. Kg1 Qe6 34. Kg2 Qf6 35.
Qe2 Qe6 36. Ng1 Qd5+ 37. Kf1 Rf6 38. Ne4 Re6 39. Kg2 Rf7 40. f3 Rd7 41. Qe3 Qd3 42. Qc1 Rf7 43. Qe1 Rg6 44. g4 Qd4 45. Qg3 Qe3 46.
Nh3 Qd4 47. Nhf2 Qb2 48. Qh4 Re6 49. Qd8+ Kg7 50. Qh4 Qd4 51. Qg3 Rg6 52. Qh4 Qe3 53. Qh3 Qf4 54. Qg3 Qxg3+ 55. Kxg3 Rd7 56. Nd6 Rgxd6 57.
cxd6 Rxd6 58. Ne4 Rd3 59. g5 Rxa3 60. gxh6+ Kxh6 61. Kg4 Kg6 62. Nc5 a5 63. bxa5 Rxa5 64. Nd7 b4 65. Nb8 b3 66. Nxc6 Ra4+ 67. f4 b2 68. Nxe5+ Kg7 69. Nc6 b1=Q 70. Nd8 Qg6+ 0-1

[Event "*** Titled Tuesday Blitz"]
[Site "Chess.com"]
[Date "2021.03.16"]
[Round "7"]
[White "IsaacWiebe"]
[Black "Julianos82"]
[Result "1-0"]
[WhiteElo "2265"]
[BlackElo "2384"]
[TimeControl "180+1"]
[EndTime "11:19:07 PDT"]
[Termination "IsaacWiebe won by resignation"]

1. d4 d5 2. c4 dxc4 3. Nf3 c6 4. e3 Be6 5. Ne5 Nf6 6. Bxc4 Bxc4 7.
Nxc4 e6 8. O-O Nbd7 9. Nc3 Be7 10. Qe2 b5 11. Nd2 O-O 12. a4 b4 13. Nce4 e5 14. Nxf6+ Bxf6 15. dxe5 Bxe5 16. Nf3 Bf6 17.
Rb1 Qe7 18. b3 Rfd8 19. Bb2 Nb6 20. Bxf6 Qxf6 21. Rfc1 Rd6 22. Nd4 Rad8 23. Qa6 Nd5 24. Rxc6 Nc3 25. Rf1 h5 26. Rxd6 Rxd6 27. Qxa7 Ne4 28.
Qb8+ Kh7 29. Qxb4 h4 30. h3 Rd5 31. Ne2 Re5 32. Nf4 g5 33. Nd3 Re6 34. Qd4 Qf5 35. f3 Ng3 36. Re1 Kg6 37. e4 Qa5 38. Qb4 Qa7+ 39. Qc5 Qa6 40. Nf2 Rc6 41. Qd5 Rc2 42. Ng4 Qb6+ 43. Kh2 Qc7 44. Ne5+ Kg7 45. Qxf7+ Qxf7 46. Nxf7 Kxf7 47. Rb1 Nxe4 48. b4 Ng3 49. b5 Ke7 50. b6 Rc8 51. b7 Rb8 52. a5 Kd7 53. a6 Kc7 54. a7 Rxb7 55. a8=Q Rxb1 56.
Qa7+ Rb7 57. Qc5+ Kb8 58. Qxg5 Rb1 59. Qf4+ Ka8 60. Qf8+ Ka7 61. Qg7+ Ka8 62. Qh8+ Rb8 63. Qxh4 Nf1+ 64. Kg1 Rb1 65. Qa4+ Kb8 66. Qe8+ Ka7 67. Qe7+ Ka8 68. Qf8+ Ka7 69. Qg7+ Ka6 70. Qg6+ 1-0